 Dungeon Crawl Stone Soup version 0.31-a0-851-g7ff8af7976 (webtiles) character file.

Game seed: 4619440572125567158

44 croobank the Sneak (level 3, -3/26 HPs)
             Began as an Octopode Delver on Oct 6, 2023.
             Slain by a goblin
             ... wielding a +0 club
             ... led by Robin
              (6 damage)
             ... on level 2 of the Dungeon.
             The game lasted 00:02:18 (257 turns).

croobank the Sneak (Octopode Delver)                 Turns: 257, Time: 00:02:19

Health: -3/26      AC:  1    Str: 11    XL:     3   Next: 62%
Magic:  3/3        EV: 13    Int: 14    God:
Gold:   0          SH:  0    Dex: 13    Spells: 2/2 levels left

rFire   . . .        a - +0 short sword
rCold   . . .        (no shield)
rNeg    . . .        (helmet restricted)
rPois   .            (no amulet)
rElec   .            (no ring)
rCorr   .            (no ring)
SInv    .            (no ring)
Will    .....        (no ring)
Stlth   ++++         (no ring)
HPRegen 0.24/turn    (no ring)
MPRegen 0.08/turn    (no ring)
                     (no ring)

%: no passive effects
@: no status effects
A: almost no armour, amphibious, 8 rings, camouflage 1, gelatinous body 1,
(nimble swimmer 1), tentacles
a: no special abilities


You were on level 2 of the Dungeon.
You visited 1 branch of the dungeon, and saw 5 of its levels.

Inventory:

Hand Weapons
 a - a +0 short sword (weapon)
 d - a +0 long sword
Wands
 f - a wand of digging (2)
Scrolls
 b - a scroll of fog


   Skills:
 + Level 3.3 Fighting
 + Level 2.5 Short Blades
 + Level 2.5 Dodging
 + Level 7.0 Stealth


You had 2 spell levels left.
You didn't know any spells.
Your spell library was empty.

Dungeon Overview and Level Annotations

Branches:
Dungeon (6/15)
 Temple: D:4-7

Altars:

Annotations:
D:2 Robin
D:6 Jeremiah


Innate Abilities, Weirdness & Mutations

You cannot wear most types of armour.
You are amphibious.
You can wear up to eight rings at the same time.
Your skin changes colour to match your surroundings (Stealth+).
Your rubbery body absorbs attacks. (AC +1, EV +1)
((You are camouflaged when in or above water. (Stealth+)))
You have tentacles for arms and can constrict up to eight enemies at once.


Message History

The goblin shouts! x2; The hobgoblin shouts!
You hear a shout!
The goblin shouts!
You hear a shout!
The hobgoblin shouts!
You hear a shout!
Robin roars a battlecry!
The goblins go into a battle-frenzy!
The goblin moves out of view.
You hear a shout!
The goblin shouts!
You hear an angry hiss.
The bat closely misses you.
An adder comes into view.
The hobgoblin misses you.
The adder moves out of view.
You hit the bat. You grab the bat.
The bat is severely wounded.
You constrict the bat.
You kill the bat!
You barely miss the hobgoblin. Your grab misses the hobgoblin.
Your squeeze misses the hobgoblin.
An endoplasm comes into view.
The hobgoblin misses you.
A goblin comes into view. It is wielding a +0 club.
The endoplasm quivers.
You hit the goblin.
You kill the goblin!
A goblin comes into view. It is wielding a +0 club.
The hobgoblin misses you. The hobgoblin hits you.
It was a potion of curing.
You feel better. The hobgoblin hits you. The hobgoblin hits you!
Robin throws the goblin at you!
Okay, then.
A goblin comes into view. It is wielding a +0 club.
The goblin attacks as it pursues you! The goblin misses you.
A goblin comes into view. It is wielding a +0 club.
The hobgoblin hits you. The goblin closely misses you.
The adder closely misses you. The goblin attacks as it pursues you!
The goblin closely misses you. The adder barely misses you.
The endoplasm hits you.
You enter the deep water.
The goblin attacks as it pursues you! The goblin hits you with a +0 club.
* * * LOW HITPOINT WARNING * * *
The adder closely misses you. The goblin attacks as it pursues you!
The goblin hits you with a +0 club.
You die...

g## ##.##.#..# #
g(###..##....# #.
#g#...####...#####
####g##g#...##..>.......
#.......#......#...#####
#.......#...##≈#......
......gg#...#.≈...≈≈.##
#.....gg.g.g≈≈~..≈~.##
........g.S≈@$..≈~#..
...####..gJ≈≈....##.w# #
......##≈≈≈..# #.#
......###..≈≈≈# #.......
.....#.. ...###.. .....#
.≈ ... .......... .
..#.....


You could see an adder, an endoplasm, 2 hobgoblins and 6 goblins.

Vanquished Creatures
  A hound (D:4)
  An adder (D:4)
  A ball python (D:4)
  2 goblins
  A kobold (D:3)
  A quokka (D:4)
  2 bats
9 creatures vanquished.

Notes
Turn   | Place    | Note
-------+----------+-------------------------------------------
     0 | D:5      | croobank the Octopode Delver began the quest for the Orb.
     0 | D:5      | Reached XP level 1. HP: 16/16 MP: 1/1
     1 | D:6      | Noticed Jeremiah
     1 | D:6      | Noticed an orc warrior
     1 | D:6      | Noticed an orc priest
     1 | D:6      | Noticed an orc wizard
    34 | D:4      | Noticed a hound
    45 | D:4      | Killed a hound
    46 | D:4      | Reached XP level 2. HP: 14/21 MP: 2/2
    46 | D:4      | Reached XP level 3. HP: 17/26 MP: 3/3
   109 | D:4      | Noticed an ogre
   152 | D:4      | Reached skill level 7 in Stealth
   247 | D:2      | Noticed Robin
   257 | D:2      | Slain by a goblin

Illustrated notes

Levels and vault maps discovered:
D:2:      layout_rooms, chequers_serial_rivers_small_b,
          minmay_misc_feat_four_crosses, uniq_robin, uniq_terence
D:3:      layout_rooms, uniq_crazy_yiuf_cottage
D:4:      layout_loops_corners, mainiacjoe_overflow_small_starburst
D:5:      layout_basic
D:6:      layout_loops_ring, xom_redecorated, mainiacjoe_overflow_alcove_1,
          minmay_temple_entry_waves, uniq_jeremiah, uniq_prince_ribbit1

Skill      XL: |  1  2  3 |
---------------+----------+-----
Stealth        | 7 |  7.0
Fighting       | |  3.3
Short Blades   | |  2.5
Dodging        | |  2.5

Action                     || total
---------------------------++-------
  Melee: Short sword       ||    22
         Constrict         ||     6
         Tentacles         ||     3
         Punch             ||     1
  Evoke: Wand              ||     1
    Use: Scroll            ||     2
         Potion            ||     2
   Stab: Sleeping          ||     2
 Armour: Skin              ||    15
  Dodge: Dodged            ||    22

Table legend: (Time is in decaauts)
 A = Elapsed time spent in this place.
 B = Non-inter-level travel time spent in this place.
 C = Inter-level travel time spent in this place.
 D = Time resting spent in this place.
 E = Time spent auto-exploring this place.
 F = Levels seen in this place.
 G = Mean time per level.
                   A        B        C        D        E       F      G
               +--------+--------+--------+--------+--------+-----+--------+
         Total |    236 |    236 |      0 |     26 |     86 |   5 |   47.2 |
       Dungeon |    236 |    236 |      0 |     26 |     86 |   5 |   47.2 |
               +--------+--------+--------+--------+--------+-----+--------+

Top non-repeatable levels by time:
     D:4: 158 daAuts
     D:2: 34 daAuts
     D:3: 28 daAuts
     D:5: 12 daAuts
     D:6: 2 daAuts
